 Dungeon Crawl Stone Soup version 0.30.1-3-gfc49f6343a (webtiles) character file.

Game seed: 1383037117930561628

1710 monsoonserge the Covered (level 8, -2/67 (73) HPs)
             Began as a Minotaur Berserker on Aug 6, 2023.
             Was a High Priest of Trog.
             Slain by a wight
             ... wielding a +5 morningstar of freezing
              (8 damage)
             ... on level 6 of the Dungeon on Aug 7, 2023.
             The game lasted 00:16:08 (6201 turns).

monsoonserge the Covered (Minotaur Berserker)       Turns: 6201, Time: 00:16:08

HP:   -2/67 (73)    AC: 13    Str: 24    XL:     8   Next: 74%
MP:   5/5           EV:  8    Int:  4    God:    Trog [*****.]
Gold: 383           SH:  0    Dex: 10    Spells: 7/7 levels left

rFire   . . .        E - +1 broad axe (antimagic)
rCold   . . .        (no shield)
rNeg    . . .        D - +0 plate armour
rPois   .            (helmet restricted)
rElec   .            (no cloak)
rCorr   +            (no gloves)
SInv    .            (no boots)
Will    .....        (no amulet) Stlth
                     i - ring of resist corrosion
HPRegen 0.31/turn    m - ring of magical power
MPRegen 0.09/turn

%: no passive effects
@: on berserk cooldown, slowed, drained, very slow
A: horns 2, retaliatory headbutt
a: Renounce Religion, Berserk, Trog's Hand, Brothers in Arms


You were on level 6 of the Dungeon.
You worshipped Trog.
Trog was extremely pleased with you.
You visited 2 branches of the dungeon, and saw 7 of its levels.
You also visited: Sewer.

You collected 383 gold pieces.

Inventory:

Hand Weapons
 t - a +0 flail
 w - a +0 halberd
 y - a +0 great mace
 z - a +1 flail of protection
 E - a +1 antimagic broad axe (weapon)
Missiles
 j - a boomerang
 q - 15 poisoned darts (quivered)
 s - a throwing net
Armour
 r - a +0 chain mail
 D - a +0 plate armour (worn)
Jewellery
 i - a ring of resist corrosion (left hand)
 m - a ring of magical power (right hand)
Wands
 p - a wand of roots (13)
 C - a wand of digging (5)
Scrolls
 b - 8 scrolls of identify {unknown}
 d - 3 scrolls of teleportation {unknown}
 f - a scroll of amnesia {unknown}
 g - 2 scrolls of blinking {unknown}
 k - a scroll of brand weapon {unknown}
 o - 2 scrolls of poison {unknown}
 u - a scroll of enchant weapon {unknown}
 v - a scroll of acquirement {unknown}
 B - a scroll of fog {unknown}
Potions
 a - 5 potions of heal wounds {unknown}
 c - 5 potions of curing {unknown}
 e - 2 potions of cancellation {unknown}
 h - 2 potions of flight {unknown}
 l - a potion of berserk rage {unknown}
 n - a potion of degeneration {unknown}
 x - 4 potions of invisibility {unknown}
 A - a potion of haste {unknown}
 F - a potion of brilliance {unknown}


   Skills:
 + Level 7.4 Fighting
 + Level 6.1(7.7) Axes
 - Level 3.9(5.5) Maces & Flails
 - Level 5.8(7.1) Polearms
 + Level 0.1 Throwing
 + Level 7.5 Armour
 - Level 3.0 Dodging
 - Level 1.0 Stealth


You had 7 spell levels left.
You didn't know any spells.
Your spell library contained the following spells:

 Spells                   Type           Power      Damage    Failure   Level
 Apportation              Tloc           0%         N/A       100%        1
 Foxfire                  Conj/Fire      0%         2x1d4     100%        1
 Necrotise                Necr           0%         1d4       100%        1
 Summon Small Mammal      Summ           0%         N/A       100%        1
 Ignite Poison            Fire/Tmut/Pois 0%         N/A       100%        3
 Inner Flame              Hex/Fire       0%         N/A       100%        3
 Summon Guardian Golem    Hex/Summ       0%         N/A       100%        3
 Animate Armour           Summ/Erth      0%         N/A       100%        4
 Sticky Flame             Conj/Fire      0%         2d3       100%        4
 Blade Hands              Tmut           0%         N/A       100%        5
 Irradiate                Conj/Tmut      0%         3d11      100%        5
 Yara's Violent Unravell  Hex/Tmut       0%         3d3       100%        5
 Iron Shot                Conj/Erth      0%         9d1       100%        6
 Plasma Beam              Fire/Air       0%         2x1d11    100%        6
 Enfeeble                 Hex            0%         N/A       100%        7
 Orb of Destruction       Conj           0%         9d5       100%        7
 Spellforged Servitor     Conj/Summ      0%         N/A       100%        7
 Ignition                 Fire           0%         3d3       100%        8


Dungeon Overview and Level Annotations

Branches:
Dungeon (6/15)             Temple (1/1) D:4           Sewer (visited)

Altars:
Cheibriados
Gozag
Hepliaklqana
Kikubaaqudgha
Makhleb
Nemelex Xobeh
Okawaru
Qazlal
Trog
Uskayaw
Vehumet
Xom
Yredelemnul

Shops:
D:4 [

Annotations:
D:3 vault


Innate Abilities, Weirdness & Mutations

You have a pair of horns on your head.
You reflexively headbutt those who attack you in melee.


Message History

The wight freezes you.
* * * LOW HITPOINT WARNING * * *
The wight hits you with a +0 hand axe.
* * * LOW HITPOINT WARNING * * *
You feel drained.
* * * LOW HITPOINT WARNING * * *
You slice the wight!!
You destroy the wight!
Trog accepts your kill.
The wight hits you from afar with a +4 spear of freezing.
* * * LOW HITPOINT WARNING * * *
You feel drained.
* * * LOW HITPOINT WARNING * * *
The wight freezes you.
* * * LOW HITPOINT WARNING * * *
Your base Axes skill increases to level 6!
A wight comes into view.
It is wielding a +5 morningstar of freezing.
Items here: )) [[.
Unknown command.
You slash the wight!
The wight is heavily damaged.
The wight hits you but does no damage.
You hit the wight.
The wight is heavily damaged.
The wight hits you with a +4 spear of freezing.
* * * LOW HITPOINT WARNING * * *
You feel drained.
* * * LOW HITPOINT WARNING * * *
The wight freezes you.
* * * LOW HITPOINT WARNING * * *
You slice the wight!!
You destroy the wight!
Trog accepts your kill.
You feel a strong urge to attack something.
You completely miss the wight. Your headbutt misses the wight.
You are no longer berserk.
You are exhausted.
You feel yourself slow down.
The wight hits you with a +5 morningstar of freezing!
You die...

#.# ##.#### ### ...<..#
#.. ##.##.# #.# #......
#.# ####.### ##.##
##.## #...# #...# #.z.#
#.#.# #)@.# ####...#
#####)..####
.......####.........(.#
.####..................
### #.#####.....#.....#
..# #.## ####.###.####
#.# #..# .## #.# ..#
##.# .# #.# .## #.# ##


You could see a wight.

Vanquished Creatures
  Edmund (D:5)
  A centaur (D:6)
  3 kobold brigands (D:3)
  2 phantoms
  2 bullfrogs (Sewer)
  3 scorpions
  3 wights (D:6)
  3 hounds
  Ijyb (D:5)
  4 iguanas
  2 orc wizards
  6 adders
  14 gnolls
  2 shadow imps
  4 white imps
  An ufetubus (D:4)
  4 worms
  4 dart slugs
  8 orcs
  12 ball pythons
  12 endoplasms
  9 giant cockroaches
  5 goblins
  11 hobgoblins
  10 jackals
  16 quokkas
  6 bats
  13 frilled lizards
  42 kobolds
  7 rats
211 creatures vanquished.

Notes
Turn   | Place    | Note
-------+----------+-------------------------------------------
     0 | D:1      | monsoonserge the Minotaur Berserker began the quest for the
                  | Orb.
     0 | D:1      | Reached XP level 1. HP: 19/19 MP: 0/0
   118 | D:1      | Reached XP level 2. HP: 27/27 MP: 1/1
   405 | D:1      | Found a faded altar of an unknown god.
   557 | D:1      | Reached ** piety under Trog
   560 | D:1      | Reached XP level 3. HP: 30/33 MP: 2/2
  1288 | D:2      | Reached XP level 4. HP: 41/41 MP: 3/3
  1468 | D:2      | Reached skill level 1 in Polearms
  2186 | D:3      | Got Avurphecw's Guide on Incandescence and Arcane Combat
  2209 | D:3      | Reached XP level 5. HP: 16/47 MP: 4/4
  2395 | D:3      | Reached *** piety under Trog
  3068 | D:4      | Found Bywituze's Armour Emporium.
  3549 | D:4      | Reached skill level 5 in Fighting
  3549 | D:4      | Reached XP level 6. HP: 47/56 MP: 5/5
  3815 | D:4      | Found a stormy altar of Qazlal.
  3979 | D:4      | Found a staircase to the Ecumenical Temple.
  3988 | Temple   | Entered the Ecumenical Temple
  4320 | D:3      | Reached skill level 5 in Armour
  4342 | D:3      | Reached **** piety under Trog
  4343 | D:3      | Reached skill level 1 in Maces & Flails
  4553 | D:3      | Reached XP level 7. HP: 57/61 MP: 6/6
  4706 | D:3      | Reached skill level 5 in Polearms
  4940 | D:5      | Entered Level 5 of the Dungeon
  5079 | D:5      | Noticed Ijyb
  5095 | D:5      | Killed Ijyb
  5127 | D:5      | Found a glowing drain.
  5147 | D:5      | Reached ***** piety under Trog
  5151 | Sewer    | Entered a sewer
  5411 | Sewer    | Received a gift from Trog
  5412 | Sewer    | Reached XP level 8. HP: 66/71 MP: 7/7
  5612 | D:5      | Reached skill level 1 in Stealth
  5928 | D:5      | Noticed Edmund
  5933 | D:5      | Killed Edmund
  5934 | D:5      | Reached skill level 5 in Axes
  6127 | D:6      | Found an opulent altar of Gozag.
  6201 | D:6      | Slain by a wight

Illustrated notes

Levels and vault maps discovered:
D:1:      evilmike_arrival_rings, layout_loops_cross,
          hellmonk_ecumenical_altar_inner_sanctum, minmay_misc_feat_encased,
          serial_bayou_crossing
D:2:      layout_loops_cross, kennysheep_cluttered_room, supply_closet_lemuel,
          serial_bayou_ford_a, minmay_misc_feat_four_crosses
D:3:      minmay_goblin_kobold_castle, layout_basic
D:4:      layout_basic, grunt_qazlal_sundering, lemuel_temple_firewalk_b,
          serial_shops, nicolae_shop_tiny_waterfront, serial_demonic,
          serial_demonic_b, serial_demonic_c, serial_demonic_g,
          serial_demonic_e, st_stairs_3, kennysheep_cross_bottleneck,
          bh_walls_and_bars
D:5:      layout_rooms, portal_sewer_entry_f, dk_noncrumbling_4,
          amcnicky_mini_rare_corridor_liquid, uniq_ijyb, uniq_edmund
D:6:      layout_loops_cross, nicolae_gozag_seed_capital,
          overflow_temple_1_default, nzn_wu_jian_contemplation,
          hangedman_glass_teeth
Temple:   nicolae_temple_bog_church

Skill      XL: |  1  2  3  4  5  6  7  8 |
---------------+-------------------------+-----
Fighting       | 4 5 6 7 |  7.4
Axes           | 4 6 |  6.1
Armour         | 3 4 5 7 |  7.5
Polearms       | 2 3 4 5 |  5.8
Dodging        | 3 |  3.0
Maces & Flails | 1 3 |  3.9
Stealth        | 1 |  1.0
Throwing       | |  0.1

Action                     |  1- 3 |  4- 6 |  7- 9 || total
---------------------------+-------+-------+-------++-------
  Melee: Hand axe          |    59 |       |       ||    59
         Headbutt          |    17 |    40 |    39 ||    96
         Punch             |     1 |       |     2 ||     3
         Trident           |    11 |   135 |       ||   146
         Flail             |       |    55 |   113 ||   168
         Halberd           |       |    22 |    39 ||    61
         Great mace        |       |       |     8 ||     8
         Broad axe         |       |       |    53 ||    53
  Throw: Dart              |       |       |     4 ||     4
 Invoke: Berserk           |       |       |     1 ||     1
 Armour: Animal skin       |     7 |       |       ||     7
         Ring mail         |    25 |    30 |       ||    55
         Leather armour    |     2 |       |       ||     2
         Chain mail        |       |    92 |    98 ||   190
         Plate armour      |       |       |    32 ||    32
  Dodge: Dodged            |    68 |   117 |   131 ||   316
